 Dungeon Crawl Stone Soup version 0.26-a0-639-g72c4674329 (webtiles) character file.

Game seed: 4623297710342507772

4215 Flugslaktarn the Cleaver (level 10, 0/96 HPs)
             Began as a Deep Dwarf Fighter on Sept 23, 2020.
             Was a Believer of Makhleb.
             Slain by a six-headed hydra (7 damage)
             ... on level 8 of the Dungeon.
             The game lasted 00:02:56 (3988 turns).

Flugslaktarn the Cleaver (Deep Dwarf Fighter)       Turns: 3988, Time: 00:02:57

Health: 0/96       AC: 11    Str: 23    XL:     10   Next: 9%
Magic:  5/5        EV:  6    Int:  9    God:    Makhleb [**....]
Gold:   159        SH: 11    Dex: 12    Spells: 9/9 levels left

rFire    . . .     SeeInvis .   a - +0 war axe
rCold    . . .     Faith    .   c - +0 kite shield
rNeg     . . .     Spirit   .   g - +0 chain mail
rPois    .         Reflect  .   e - +0 helmet
rElec    .         Harm     .   (no cloak)
rCorr    .         Rampage  .   (no gloves)
MR       +....                  (no boots)
Stlth    ..........             (no amulet)
HPRegen  0.00/turn              (no ring)
MPRegen  0.09/turn              (no ring)

@: lethally poisoned (0 -> 0), non-regenerating
A: damage resistance, heal wounds, sense surroundings 2, no regeneration
a: Heal Wounds, Minor Destruction, Renounce Religion


You were on level 8 of the Dungeon.
You worshipped Makhleb.
Makhleb was pleased with you.
You visited 2 branches of the dungeon, and saw 9 of its levels.

You collected 295 gold pieces.
You spent 136 gold pieces at shops.

Inventory:

Hand Weapons
 a - a +0 war axe (weapon)
Armour
 c - a +0 kite shield (worn)
 e - a +0 helmet (worn)
   (You took it off Robin on level 4 of the Dungeon)
 g - a +0 chain mail (worn)
   (You found it on level 4 of the Dungeon)
Jewellery
 f - an uncursed ring of protection from magic {unknown}
   (You found it on level 6 of the Dungeon)
Scrolls
 j - a scroll of magic mapping
 m - 2 scrolls of enchant weapon
 n - a scroll of immolation
 r - 4 scrolls of identify
 x - 5 scrolls of remove curse
Potions
 b - a potion of flight {unknown}
 d - a potion of might
 h - a potion of haste
 i - a potion of stabbing {unknown}
 k - a potion of mutation
 l - 2 potions of invisibility {unknown}


   Skills:
 * Level 8.1 Fighting
 * Level 9.2 Axes
 + Level 7.0 Armour
 + Level 7.1 Shields
 + Level 4.9 Invocations


You had 9 spell levels left.
You didn't know any spells.
Your spell library was empty.

Dungeon Overview and Level Annotations

Branches:
Dungeon (8/15)             Temple (1/1) D:5
   Lair: D:8-11

Altars:
Dithmenos
Elyvilon
Fedhas
Gozag
Kikubaaqudgha
Makhleb
Okawaru
Qazlal
Ru
Sif Muna
Trog
Uskayaw
Vehumet
Yredelemnul
Zin
The Shining One

Shops:
D:4 *   D:6 *


Innate Abilities, Weirdness & Mutations

You are resistant to damage.
You can heal yourself by infusing magical energy.
You passively map the area around you.
You do not regenerate.


Message History

The six-headed hydra bites you. The six-headed hydra bites you!
* * * LOW HITPOINT WARNING * * *
You are too injured to fight recklessly!
You are too injured to fight recklessly!
You are too injured to fight recklessly!
You are too injured to fight recklessly!
You are too injured to fight recklessly!
You fail to use your ability.
The six-headed hydra bites you but does no damage. x2
You block the six-headed hydra's attack.
The six-headed hydra bites you!
* * * LOW HITPOINT WARNING * * *
The six-headed hydra bites you but does no damage. x2
The six-headed hydra bites you!
* * * LOW HITPOINT WARNING * * *
You block the six-headed hydra's attack.
The six-headed hydra bites you but does no damage.
You block the six-headed hydra's attack.
The six-headed hydra bites you!
You die...

,, , * #..######.#<
,, , # ####...>.....#
, * #.#
##......####### * **
#[..#..##..## **
#..(###..#
#...#.([#..##### * *
#.#####$........# , ,
* #.######)..####./ ,
* * *
#....)@D......... ,
,,
,,,..$(...†###.#####.
* * ####....#[...#**
, .......#####.# , ,
......... ,,#.. , * *
, ........#* * #.# ,
* >>.......# *#.#* ,
........# *** #.#* *
* , * , ,, ... ,


You could see a six-headed hydra.

Vanquished Creatures
  Pikel (D:4)
  Maggie (D:6)
  A tengu conjurer (D:8)
  Grinder (D:4)
  A hippogriff (D:6)
  A vampire mosquito (D:8)
  A water moccasin (D:6)
  An ice beast (D:6)
  An orc warrior (D:7)
  2 phantoms
  A sky beast (D:7)
  2 ogres
  3 centaurs
  A big kobold (D:7)
  6 bullfrogs
  4 wights (D:7)
  4 killer bees (D:8)
  A howler monkey (D:2)
  A bullfrog zombie (D:5)
  A quasit (D:6)
  A bullfrog skeleton (D:6)
  A jelly (D:7)
  4 orc priests
  6 orc wizards
  2 hounds
  2 centaur skeletons (D:5)
  A gnoll shaman (D:8)
  An iguana (D:4)
  4 worker ants
  A killer bee zombie (D:8)
  A hound skeleton (D:4)
  A worker ant zombie (D:8)
  Robin (D:4)
  8 adders
  3 gnolls (D:8)
  A white imp (D:6)
  2 ufetubi
  An ooze (D:1)
  An adder skeleton (D:7)
  3 worms (D:5)
  A leopard gecko (D:2)
  27 orcs
  5 bats (D:2)
  7 giant cockroaches
  4 hobgoblins
  4 jackals (D:2)
  4 kobolds
  2 quokkas (D:7)
  2 frilled lizards (D:2)
  11 goblins
  A leopard gecko skeleton (D:4)
  A quokka skeleton (D:4)
  A rat (D:3)
150 creatures vanquished.

Vanquished Creatures (others)
  An orc (D:8)
1 creature vanquished.

Grand Total: 151 creatures vanquished

Notes
Turn   | Place    | Note
-------+----------+-------------------------------------------
     0 | D:1      | Flugslaktarn the Deep Dwarf Fighter began the quest for the
                  | Orb.
     0 | D:1      | Reached XP level 1. HP: 20/20 MP: 1/1
    60 | D:2      | Reached XP level 2. HP: 24/27 MP: 2/2
   206 | D:2      | Found a radiant altar of Vehumet.
   237 | D:2      | Reached XP level 3. HP: 28/34 MP: 3/3
   240 | D:2      | Noticed a phantom
   256 | D:2      | Reached skill level 3 in Axes
   256 | D:2      | Reached XP level 4. HP: 22/42 MP: 4/4
   299 | D:2      | Killed a phantom
   299 | D:2      | Reached XP level 5. HP: 37/50 MP: 5/5
   360 | D:3      | Reached skill level 4 in Axes
   446 | D:4      | Noticed Robin
   456 | D:4      | Reached XP level 6. HP: 41/57 MP: 5/5
   465 | D:4      | Killed Robin
   548 | D:4      | Noticed Grinder
   566 | D:4      | Killed Grinder
   578 | D:4      | Found Koicurpha's Assorted Antiques.
   578 | D:4      | Noticed Pikel
   593 | D:4      | Killed Pikel
   593 | D:4      | Reached skill level 5 in Fighting
   593 | D:4      | Reached skill level 6 in Axes
   593 | D:4      | Reached skill level 5 in Armour
   593 | D:4      | Reached skill level 5 in Shields
   593 | D:4      | Reached XP level 7. HP: 57/67 MP: 5/5
   603 | D:4      | Bought a scroll labeled BAMIHU TIUFUWE for 33 gold pieces
   603 | D:4      | Bought a scroll labeled PAUSHI UMIKLEPN for 33 gold pieces
   615 | D:4      | Reached XP level 8. HP: 56/75 MP: 6/6
  1166 | D:4      | Found a bloodstained altar of Trog.
  1395 | D:5      | Entered Level 5 of the Dungeon
  1881 | D:5      | Found a staircase to the Ecumenical Temple.
  1890 | Temple   | Entered the Ecumenical Temple
  2132 | Temple   | Became a worshipper of Makhleb the Destroyer
  2405 | D:6      | Reached skill level 7 in Axes
  2405 | D:6      | Reached skill level 1 in Invocations
  2434 | D:6      | Found Gaeckoir's Assorted Antiques.
  2441 | D:6      | Bought a scroll labeled FOSU JEICSE for 25 gold pieces
  2441 | D:6      | Bought 2 amethyst potions for 45 gold pieces
  2446 | D:6      | Noticed Maggie
  2466 | D:6      | Killed Maggie
  2613 | D:6      | Noticed a hippogriff
  2623 | D:6      | Killed a hippogriff
  2623 | D:6      | Gained mutation: You passively map the area around you.
                  | [Deep Dwarf growth]
  2623 | D:6      | Reached XP level 9. HP: 42/85 MP: 6/6
  2720 | D:6      | Found an opulent altar of Gozag.
  2894 | D:6      | Reached * piety under Makhleb
  2906 | D:6      | Reached skill level 8 in Axes
  2993 | D:6      | Found a basalt altar of Yredelemnul.
  3010 | D:6      | Found a sacrificial altar of Ru.
  3481 | D:7      | Found a hide-covered altar of Uskayaw.
  3481 | D:7      | Noticed a +0 dagger
  3481 | D:7      | Noticed a +0 hand axe
  3496 | D:7      | Found a blossoming altar of Fedhas.
  3837 | D:8      | Noticed a tengu conjurer
  3839 | D:8      | Reached ** piety under Makhleb
  3906 | D:8      | Killed a tengu conjurer
  3906 | D:8      | Reached skill level 9 in Axes
  3945 | D:8      | Reached XP level 10. HP: 79/96 MP: 5/5
  3977 | D:8      | Noticed a four-headed hydra
  3988 | D:8      | Slain by a six-headed hydra

Illustrated notes

Levels and vault maps discovered:
D:1:      zelgadis_glass_arrival_small, layout_basic
D:2:      layout_loops_ring, regret_index_temple_of_mockery, vehumet_crystals,
          gammafunk_temple_overflow_pools, minmay_tall_x
D:3:      layout_basic, cheibriados_altar_1, kennysheep_generic_room_10,
          uniq_natasha
D:4:      layout_loops_corners, lemuel_round_altar, serial_shops,
          nicolae_shop_overgrown_old_shop, grunt_decor_clamped, uniq_grinder,
          uniq_pikel, uniq_robin
D:5:      layout_basic, minmay_temple_entry_drinking_statues, roderic_lattice_a
D:6:      layout_loops_ring, kennysheep_mini, grunt_gozag_breadcrumbs,
          nicolae_ru_path_of_blood, serial_shops, shop, uniq_maggie
D:7:      layout_basic, dancing_weapons_uskayaw, old_standard_altar
D:8:      minmay_the_grid_square_5x5_3x3
          [minmay_the_grid_square_5x5_three_small,
          minmay_the_grid_square_5x5_spiral_small,
          minmay_the_grid_square_5x5_inner_i,
          minmay_the_grid_square_5x5_three_walls,
          minmay_the_grid_square_5x5_megaprize_crossed,
          minmay_the_grid_square_5x5_seven, minmay_the_grid_square_5x5_n,
          minmay_the_grid_square_5x5_checkered_statues,
          minmay_the_grid_square_5x5_gyroscope], layout_rooms,
          nicolae_overflow_crystal_walls, minmay_misc_feat_rows,
          minmay_shop_damaged
Temple:   jpeg_temple_island

Skill      XL: |  1  2  3  4  5  6  7  8  9 |
---------------+----------------------------+-----
Fighting       | 3 4 5 6 8 |  8.1
Axes           | 3 4 6 7 9 |  9.2
Armour         | 4 5 6 7 |  7.0
Shields        | 4 5 6 7 |  7.1
Invocations    | 2 4 |  4.9

Action                   |  1- 3 |  4- 6 |  7- 9 | 10-12 || total
-------------------------+-------+-------+-------+-------++-------
Melee: War axe           |    51 |   117 |   406 |    32 ||   606
 Abil: Heal Wounds       |       |     5 |    12 |       ||    17
  Use: Potion            |       |     1 |     1 |       ||     2
       Scroll            |       |       |     9 |       ||     9
Armor: Scale mail        |    27 |    52 |    14 |       ||    93
       Chain mail        |       |       |   177 |    33 ||   210
Dodge: Dodged            |    24 |    46 |   100 |    21 ||   191
Block: Kite shield       |    37 |    74 |   240 |    52 ||   403

Table legend: (Time is in decaauts)
 A = Elapsed time spent in this place.
 B = Non-inter-level travel time spent in this place.
 C = Inter-level travel time spent in this place.
 D = Time resting spent in this place.
 E = Time spent auto-exploring this place.
 F = Levels seen in this place.
 G = Mean time per level.
                   A        B        C        D        E       F      G
               +--------+--------+--------+--------+--------+-----+--------+
         Total |   4162 |   3966 |    196 |     17 |   2801 |   9 |  462.4 |
       Dungeon |   3857 |   3697 |    160 |     17 |   2535 |   8 |  482.1 |
        Temple |    304 |    269 |     35 |      0 |    266 |   1 |  304.0 |
               +--------+--------+--------+--------+--------+-----+--------+

Top non-repeatable levels by time:
     D:4: 973 daAuts
     D:6: 851 daAuts
     D:5: 725 daAuts
     D:7: 664 daAuts
     D:2: 333 daAuts
  Temple: 304 daAuts
     D:8: 145 daAuts
     D:3: 125 daAuts
     D:1: 37 daAuts
